Cogmind - Beta 12 @@@ ROGUE MODE // 2023.08.15 @ 20:59:38 Player: Shadow Pussy wanter Result: Destroyed by D-53 Grenadier with Mini Grenade Launcher Performance ------------- Evolutions (0) 0 Regions Visited (4) 800 Robots Destroyed (34) 170 Value Destroyed (705) 705 Prototype IDs (25) 500 Alien Tech Used (0) 0 Bonus (360) 360 TOTAL SCORE: 2535 Bonus ------- Follower Combat Kills 60 Aligned with FarCom 300 Cogmind --------- Core Integrity 0/250 Matter 280/300 Energy 64/100 System Corruption 0% Temperature Cool (0) Movement Walking (400) Ox4 Location -9/Mines Parts ------- > --- POWER (1) -------- (None) > --- PROPULSION (2) --- Aluminum Leg > --- UTILITY (2) ------ Improved Heat Sink High-capacity Storage Unit > --- WEAPON (2) ------- Light Cannon Light Cannon > --- INVENTORY (20) --- Ion Engine Light Ion Engine Light Treads Improved Heat Sink High-capacity Matter Pod (200) High-capacity Matter Pod (200) Structural Scanner Signal Interpreter Improved Terrain Scanner AWS/Thermal Minigun Minigun Minigun Mini Grenade Launcher Makeshift Axe Peak State ------------ > --- POWER ------------ Ion Engine > --- PROPULSION ------- Light Treads Aluminum Leg > --- UTILITY ---------- Improved Heat Sink High-capacity Storage Unit > --- WEAPON ----------- Assault Rifle Assault Rifle > --- INVENTORY -------- Ion Engine Light Ion Engine Aluminum Leg Aluminum Leg Compact Wheel Improved Heat Sink High-capacity Matter Pod Structural Scanner Signal Interpreter Improved Terrain Scanner AWS/Thermal Light Assault Rifle Minigun Minigun Minigun Light Cannon Light Cannon Makeshift Axe [Rating: 13] Favorites ----------- Power Ion Engine Engine Ion Engine Propulsion Light Treads Treads Light Treads Leg Aluminum Leg Utility High-capacity Storage Unit Device Improved Heat Sink Storage High-capacity Storage Unit Protection Light Armor Plating Weapon Assault Rifle Ballistic Gun Assault Rifle Ballistic Cannon Light Cannon Build | -11 -10 -10 -10 -9 ------- Run | Jun Mat Min Exi Min Slots Evolved . | . . . . . Power . | . . . . . Propulsion . | . . . . . Utility . | . . . . . Weapon . | . . . . . Parts Attached 26 | 7 7 6 . 6 Power 1 | 1 . . . . Engine 1 | 1 . . . . Core . | . . . . . Reactor . | . . . . . Propulsion 10 | 2 2 2 . 4 Treads 5 | 2 2 1 . . Leg 5 | . . 1 . 4 Wheel . | . . . . . Hover . | . . . . . Flight . | . . . . . Utility 7 | 2 3 2 . . Device 2 | 1 . 1 . . Storage 4 | 1 2 1 . . Processor . | . . . . . Hackware . | . . . . . Protection 1 | . 1 . . . Artifact . | . . . . . Weapon 8 | 2 2 2 . 2 Energy Gun . | . . . . . Energy Cannon . | . . . . . Ballistic Gun 6 | 2 2 2 . . Ballistic Cannon 2 | . . . . 2 Launcher . | . . . . . Special Weapon . | . . . . . Impact Weapon . | . . . . . Slashing Weapon . | . . . . . Piercing Weapon . | . . . . . Special Melee Weapon . | . . . . . Unidentified Prototypes . | . . . . . Parts Lost 11 | . . 5 . 6 Power 1 | . . . . 1 Propulsion 5 | . . 2 . 3 Utility 1 | . . 1 . . Weapon 4 | . . 2 . 2 Highest Loss Streak 6 | . . 3 . 6 To Critical Strikes . | . . . . . Average Slot Usage (%) 99 | . 99 99 100 99 Engine 14 | . 14 14 14 14 Treads 21 | . 27 24 14 . Leg 6 | . . 3 14 26 Device 6 | . 1 8 14 14 Storage 14 | . 14 14 14 14 Protection 6 | . 12 5 . . Ballistic Gun 27 | . 28 27 28 27 Naked Turns . | . . . . . Heaviest Build 89 | 14 52 89 50 50 Greatest Support 40 | 40 40 40 20 20 Greatest Overweight (x) 16 | . 2 2 2 16 Average Overweight (x) 1 | . . 1 2 2 Largest Inventory Capacity 20 | 8 20 20 20 20 Average Capacity 19 | 7 18 20 20 20 Most Carried 20 | 7 19 20 20 20 Average Carried 16 | 3 14 18 18 19 Final Capacity 20 | 8 20 20 20 20 Final Carried 20 | 7 19 17 20 16 Class Distribution -------------------- 100% | Mutant Dominant Class ---------------- Mutant | -10/Materials Mutant | -10/Mines Mutant | -10/Exiles Mutant | -9/Mines Resources | -11 -10 -10 -10 -9 ----------- Run | Jun Mat Min Exi Min Matter Collected 1000 | 286 446 224 . 44 Remotely . | . . . . . Salvage Created 1052 | 125 531 345 . 51 Parts 72 | 12 39 17 . 4 Haulers Intercepted 2 | . 2 . . . Recyclers Shooed 1 | 1 . . . . Parts Field Recycled . | . . . . . Retrieved Matter . | . . . . . Parts Self-Destructed . | . . . . . Prevented . | . . . . . Kills | -11 -10 -10 -10 -9 ------- Run | Jun Mat Min Exi Min Combat Hostiles Destroyed 21 | . 12 8 . 1 Guns 21 | . 12 8 . 1 Classes Destroyed 8 | 2 6 . . . Worker 4 | . 3 . . 1 Builder 2 | . 2 . . . Tunneler 2 | 2 . . . . Hauler 2 | . 2 . . . Recycler 1 | 1 . . . . Watcher 2 | . 2 . . . Swarmer 6 | . 6 . . . Grunt 15 | . 6 8 . 1 Best Kill Streak 4 | 3 4 2 . 1 Combat Bots Only 3 | . 3 2 . 1 Max Kills in Single Turn 1 | 1 1 1 . 1 Gunslinging . | . . . . . Exploded . | . . . . . Melee . | . . . . . Uniques/NPCs Destroyed . | . . . . . Combat | -11 -10 -10 -10 -9 -------- Run | Jun Mat Min Exi Min Damage Taken 1449 | . 226 537 . 686 Core 261 | . 57 44 . 160 Absorbed by Shields . | . . . . . Core Remaining (%) 100 | 100 . . . . Volleys Fired 79 | 4 39 32 . 4 Largest 2 | 2 2 2 . 2 Hottest 40 | 40 40 40 . 40 Shots Fired 158 | 8 78 64 . 8 Gun 158 | 8 78 64 . 8 Cannon . | . . . . . Launcher . | . . . . . Special . | . . . . . Kinetic 158 | 8 78 64 . 8 Thermal . | . . . . . Explosive . | . . . . . Electromagnetic . | . . . . . Robot Hit Streak 25 | 6 9 25 . 13 Robot Miss Streak 5 | . 5 2 . . Penetration Max . | . . . . . Secondary Targets 3 | . 1 1 . 1 Max Gunslinging Chain 1 | . 1 1 . 1 Shots Hit Robots 114 | 6 48 52 . 8 Core Hits 59 | 4 31 20 . 4 Critical Kills . | . . . . . Critical Parts Destroyed . | . . . . . Critical Strikes . | . . . . . Melee Attacks . | . . . . . Impact . | . . . . . Slashing . | . . . . . Piercing . | . . . . . Sneak Attacks . | . . . . . Combat Hostiles . | . . . . . Follow-up Attacks . | . . . . . Damage Inflicted 1443 | 70 595 662 . 116 Guns 1382 | 70 564 650 . 98 Cannons . | . . . . . Explosions . | . . . . . Melee . | . . . . . Ramming 61 | . 31 12 . 18 Kinetic 1382 | 70 564 650 . 98 Thermal . | . . . . . Explosive . | . . . . . Electromagnetic . | . . . . . Impact . | . . . . . Slashing . | . . . . . Piercing . | . . . . . Highest Corruption . | . . . . . Average Corruption . | . . . . . Corruption Purged . | . . . . . Corruption Blocked . | . . . . . Overload Shots . | . . . . . Overflow Damage . | . . . . . Projectiles . | . . . . . Explosions . | . . . . . Melee . | . . . . . Knockbacks . | . . . . . Impact . | . . . . . Kinetic . | . . . . . Secondary . | . . . . . Self-Inflicted Damage . | . . . . . Shots . | . . . . . Rammed 9 | . 7 2 . . Targets Rammed 13 | . 9 2 . 2 Kicked 2 | . . . . 2 Crushed 2 | . 2 . . . Highest Temperature 16 | . 12 16 . . Average Temperature 5 | . 4 6 . . Received Heat Transfer 378 | . 78 300 . . Siege Activations . | . . . . . Robots Corrupted . | . . . . . Combat Hostiles . | . . . . . Parts Fried . | . . . . . Impact Corruptions . | . . . . . Robots Melted . | . . . . . Combat Hostiles . | . . . . . Parts Melted . | . . . . . Heat Transferred . | . . . . . Parts Sabotaged . | . . . . . Parts Stolen . | . . . . . Parts Stripped . | . . . . . Power Chain Reactions . | . . . . . Missiles Intercepted . | . . . . . Alert | -11 -10 -10 -10 -9 ------- Run | Jun Mat Min Exi Min Peak Influence 152 | 15 152 99 . 96 Initial 9 | . 9 9 . . Average 50 | 5 54 35 . 83 Maximum Alert Level . | . . . . . Low Security (%) 100 | 100 100 100 . 100 Level 1 . | . . . . . Level 2 . | . . . . . Level 3 . | . . . . . Level 4 . | . . . . . Level 5 . | . . . . . High Security . | . . . . . Max Security . | . . . . . Squads Dispatched 3 | . 2 1 . . Investigation 2 | . 1 1 . . Extermination . | . . . . . Reinforcement 1 | . 1 . . . Assault . | . . . . . Garrison . | . . . . . Intercept . | . . . . . Searches Triggered . | . . . . . Construction Impeded . | . . . . . Haulers Reinforced . | . . . . . Active Scanning Responses . | . . . . . Cargo Convoy Interrupts . | . . . . . Stealth | -11 -10 -10 -10 -9 --------- Run | Jun Mat Min Exi Min Distress Signals 3 | . 3 . . . Communications Jammed . | . . . . . Distress Signals . | . . . . . Times Spotted 37 | . 23 9 . 5 Peak Tracking Total 5 | . 5 2 . 3 Tactical Retreats . | . . . . . Traps | -11 -10 -10 -10 -9 ------- Run | Jun Mat Min Exi Min Traps Triggered 2 | . 2 . . . Indirectly . | . . . . . Trap Hack Attempts . | . . . . . Triggered . | . . . . . Disarmed . | . . . . . Reprogrammed . | . . . . . Reused . | . . . . . Traps Extracted . | . . . . . Installed . | . . . . . Triggered 1 | . . . . 1 Machines | -11 -10 -10 -10 -9 ---------- Run | Jun Mat Min Exi Min Machines Disabled . | . . . . . Max in Single Turn . | . . . . . Machines Repaired . | . . . . . Machines Sabotaged . | . . . . . Overloaded Fab Kills . | . . . . . Hacking | -11 -10 -10 -10 -9 --------- Run | Jun Mat Min Exi Min Machines Accessed 7 | . 5 1 1 . Terminals 5 | . 5 . . . Fabricators . | . . . . . Repair Stations . | . . . . . Recycling Units . | . . . . . Scanalyzers . | . . . . . Garrison Access . | . . . . . Total Hacks 12 | . 10 1 1 . Successful 8 | . 6 1 1 . Failed 3 | . 3 . . . Catastrophic 2 | . 2 . . . Database Lockouts 1 | . 1 . . . Manual 9 | . 8 . 1 . Terminals 10 | . 10 . . . Fabricators . | . . . . . Repair Stations . | . . . . . Recycling Units . | . . . . . Scanalyzers . | . . . . . Garrison Access . | . . . . . Terminal Hacks 7 | . 5 1 1 . Robot Analysis 2 | . 2 . . . Prototype ID Bank 1 | . 1 . . . Open Door 1 | . . 1 . . Emergency Access Points 1 | . 1 . . . Zone Layout 1 | . 1 . . . EX-Prototype ID Bank 1 | . . . 1 . Fabricator Hacks . | . . . . . Repair Station Hacks . | . . . . . Recycling Unit Hacks . | . . . . . Scanalyzer . | . . . . . Garrison Access Hacks . | . . . . . Unauthorized Hacks 1 | . 1 . . . Terminals 1 | . 1 . . . Botnet 1 | . 1 . . . Fabricators . | . . . . . Repair Stations . | . . . . . Recycling Units . | . . . . . Scanalyzers . | . . . . . Garrison Access . | . . . . . Data Cores Recovered . | . . . . . Used . | . . . . . Hacking Detections 4 | . 4 . . . Full Trace Events . | . . . . . Feedback Events . | . . . . . Feedback Blocked . | . . . . . Robot Schematics Acquired . | . . . . . Robots Built . | . . . . . Authchips . | . . . . . Time . | . . . . . Total Robot Build Rating . | . . . . . Part Schematics Acquired . | . . . . . Parts Built . | . . . . . Authchips . | . . . . . Time . | . . . . . Total Part Build Rating . | . . . . . Parts Repaired . | . . . . . Time . | . . . . . Parts Recycled . | . . . . . Recycled Matter . | . . . . . Retrieved Matter . | . . . . . Retrieved Components . | . . . . . Parts Scanalyzed . | . . . . . Part Schematics Acquired . | . . . . . Parts Damaged . | . . . . . Bothacking | -11 -10 -10 -10 -9 ------------ Run | Jun Mat Min Exi Min Used RIF Installer . | . . . . . Robots Hacked . | . . . . . Non-combat . | . . . . . Combat . | . . . . . Robot Hacks Applied . | . . . . . Relay Couplers Released . | . . . . . Fabnet Peak Effective % . | . . . . . Robots Rewired . | . . . . . Allies Hacked . | . . . . . Hacks Repelled . | . . . . . Allies | -11 -10 -10 -10 -9 -------- Run | Jun Mat Min Exi Min Total Allies 3 | . . 3 . . Largest Group 3 | . . 3 3 3 Highest-Rated Group 40 | . . 40 40 40 Highest-Rated Ally 16 | . . 16 16 16 Total Orders . | . . . . . Ally Attacks 14 | . . . . 14 Total Damage 167 | . . . . 167 Kills 2 | . . . . 2 Allies Corrupted . | . . . . . Allies Melted . | . . . . . Intel | -11 -10 -10 -10 -9 ------- Run | Jun Mat Min Exi Min Robot Analysis Total 2 | . 2 . . . Derelict Logs Recovered . | . . . . . Drone Launches . | . . . . . Drone Recoveries . | . . . . . Exploration | -11 -10 -10 -10 -9 ------------- Run | Jun Mat Min Exi Min Turns Passed 3855 | 128 1598 970 780 379 Spaces Moved 1379 | 70 603 330 244 132 Core 12 | 11 . . . 1 Treads 1239 | 59 603 330 244 3 Legs 128 | . . . . 128 Wheels . | . . . . . Hover . | . . . . . Flight . | . . . . . Fastest Speed 50 | 50 160 240 320 260 Average Speed 251 | 142 230 257 320 265 Slowest Speed 850 | 160 320 320 320 850 Overloaded Moves . | . . . . . Propulsion Burnouts . | . . . . . Robots Hopped . | . . . . . Cave-ins Triggered . | . . . . . Exploration Rate (%) 50 | 5 78 80 64 25 Regions Visited 4 Branch Regions 3 Pre-discovered Areas . | . . . . . Known Exits Taken . | . . . . . Unknown Exits Taken 4 | 1 1 1 1 . Scrap Searched 1 | . . . . 1 Spaces Dug . | . . . . . Terrain Destroyed . | . . . . . Melee . | . . . . . Projectile . | . . . . . AOE . | . . . . . Terrain Rammed . | . . . . . Walls Destroyed . | . . . . . Machines Disabled . | . . . . . Actions | -11 -10 -10 -10 -9 --------- Run | Jun Mat Min Exi Min Total 1596 | 87 724 389 245 151 Wait 64 | . 55 8 . 1 Move 1375 | 69 602 329 243 132 Hop . | . . . . . Pick Up 28 | 7 10 7 2 2 Fast Attach 12 | 7 3 1 . 1 Attach 9 | . . 5 . 4 Detach . | . . . . . Swap 5 | . 4 . . 1 Drop 11 | . 2 5 . 4 Fire 79 | 4 39 32 . 4 Melee . | . . . . . Ram . | . . . . . Kick 2 | . . . . 2 Crush 11 | . 9 2 . . Escape Stasis . | . . . . . Rewire . | . . . . . Trap . | . . . . . Miscellaneous . | . . . . . Route ------- -11/Junkyard -10/Materials (discovered 3 exits: [*Mat x2] / *Min) -10/Mines (discovered 3 exits: [*Mat x2] / *Exi) -10/Exiles (discovered 2 exits: [*Min x2]) -9/Mines History --------- Turn | Location | Event 10 | -11/Junkyard | Discovered new exit (range 15) 129 | -11/Junkyard | Entered Materials 172 | -10/Materials | Central database locked down 314 | -10/Materials | Build established: Mutant 379 | -10/Materials | Discovered new exit (range 11) 1111 | -10/Materials | Discovered new exit (range 9) 1651 | -10/Materials | Discovered new exit (range 11) 1727 | -10/Materials | Entered Mines 1738 | -10/Mines | Met a Derelict shopkeep closing up shop 1956 | -10/Mines | A weapon hastily lodged in a ceiling crevice suddenly fell to the ground 2375 | -10/Mines | Discovered new exit (range 15) 2497 | -10/Mines | Lost 3 parts (2n1w) 2508 | -10/Mines | Discovered new exit (range 13) 2636 | -10/Mines | Assisted by bots powering up and referring to "LRC-V3" 2684 | -10/Mines | Deemed a non-threat by the Exiles lab entrance 2684 | -10/Mines | Discovered new exit (range 5) 2697 | -10/Mines | Entered Exiles 2697 | -10/Exiles | Accompanied by 3 allies 2739 | -10/Exiles | Discovered new exit (range 15) 2774 | -10/Exiles | Met 8R-AWN 2832 | -10/Exiles | Met EX-HEX 2937 | -10/Exiles | Met EX-BIN 2979 | -10/Exiles | Aligned with FarCom system 2982 | -10/Exiles | Given EX-Vault access code 3059 | -10/Exiles | Opened EX-Vault 3088 | -10/Exiles | Found AWS/Thermal 3156 | -10/Exiles | Warned to stay clear of 0b10 Research branches 3252 | -10/Exiles | Met EX-DEC 3445 | -10/Exiles | Discovered new exit (range 10) 3477 | -10/Exiles | Left Exiles lab with AWS/Thermal 3477 | -10/Exiles | Entered Mines 3477 | -9/Mines | Accompanied by 3 allies 3830 | -9/Mines | Assembled infested the area 3835 | -9/Mines | Assisted by a Guerilla fighting off Assembled 3841 | -9/Mines | Core integrity fell below 50% 3856 | -9/Mines | Core integrity fell below 20% 3856 | -9/Mines | Destroyed by D-53 Grenadier with Mini Grenade Launcher Last Messages --------------- 03780_ Dropped Lgt. Assault Rifle. 03781_ Acquired Mni. Grenade Launcher. 03830_ ALERT: Infestation in the mines, dispatching Demolisher response squad. 03835_ A derelict emerges from the shadows: "You need to get out of here! I've been tracking a group of Assembled to figure out where they're coming from, and they're closing on this area, come on!" 03838_ Mercenary 1a destroyed. 03838_ GM-NV8(h) destroyed. 03839_ Trooper 1a destroyed. 03843_ Assault Rifle destroyed. 03844_ The unstable cave ceiling collapses. 03844_ Aluminum Leg destroyed. 03847_ The unstable cave ceiling collapses. 03848_ Aluminum Leg destroyed. 03850_ The unstable cave ceiling collapses. 03852_ Assault Rifle destroyed. 03852_ Ion Engine destroyed. 03854_ The unstable cave ceiling collapses. 03854_ Aluminum Leg destroyed. Map ----- +----------------------------------------------------+ | ?????????????????????????????? | | ?????????????????????????????? | | ?????????????????????????????? | | ?????????????????????????????? | | ??????????#??????????????????? | | ?????????? ??????????????????? | | ?????????? ??????????????????? | | ?????????? ??????????????????? | | ????????? #??????????????????? | | ?????????"#??????????????????? | | ?????????%#??????????????????? | | ????????? #??????????????????? | | ????????? #??????????????????? | | ??????### ##?????????????????? | | ????### ##????????????????? | | ???## % ###??????????????? | | ???# dd ???????????????? | | ?### # ! [# #????????????????? | | ?# # [ #????????????????? | | ## # #?????????????????? | | # ###???????????????? | | # ## ????????????? | | # # #????????????????? | | # # #????????????????? | | # [! #????????????????? | | # @ ###????????????????? | | # #??????????????????? | | # #??????????????????? | | ## #######????????????? | | ?# # #????????????? | | ?# ##### #????????????? | | ?## """ #??# #????????????? | | ??## """ ##??# #????????????? | | ???# """ #???# #????????????? | | ???# ##???# #????????????? | | ???## ##????# #????????????? | | ????#####?????# #????????????? | | ??????????????# #????????????? | | ???????# ######%#????????????? | | ????????# #????????????? | | ????????## #????????????? | | ?????????# ### #????????????? | | ?????????##?## ##????? #????? | | ?????????#### ### #?????? | | ??####??## #??????? | | ?## #### ##??####? | | ?# ## #??## ## | | ?# #### ##??# # | | ?## ##??#######???# | | ??#### ##?????#####???# | +----------------------------------------------------+ Best States ------------- Heat Dissipation 39 Energy Generation 10 Energy Capacity 250 Matter Stores 300 Matter Capacity 300 Sight Range 16 Terrain Scan Density 10 Armor Coverage 150 Evasion (%) 50 Recoil Reduction 2 Item Schematics ----------------- None Robot Schematics ------------------ None Fabricated ------------ Nothing Alien Tech Used ----------------- None Achievements -------------- None Challenges ------------ None Game ------ Seed HeartCombatNetwork Manual? 0 Play Time 00:12:01 Cumulative 206.5 hours Start 2023.08.15 @ 20:49:16 End 2023.08.15 @ 20:59:38 Sessions 1 Manual Loads 0 Difficulty Rogue Special Mode None Game No. 245 Rogue 245 Adventurer 0 Explorer 0 Win Type - Total 4 Types 2/0/0/1/0/0/1/0/0 Lore% 70 Gallery% 77 Achievement% 62 Wizard Run 0 Options --------- ASCII 0 Keyboard 0 Movement Numpad Keybinds 0 Fullscreen 1 Font 18/SmallcapsGlow Map View 76x50 Tactical HUD 1 Map Filters NONE Filters NONE Steam 1 RUN: a8b1aa83-36d1-4f13-831a-ad6325b80da8